 Dungeon Crawl Stone Soup version 0.15-a0-244-g7dd1917 (webtiles) character file.

185 PolkaDot the Vexing (level 4, 0/29 (30) HPs)
             Began as a Vampire Enchanter on Apr 26, 2014.
             Succumbed to a scorpion's poison
             ... on Level 2 of the Dungeon.
             The game lasted 00:11:30 (2371 turns).

PolkaDot the Vexing (Vampire Enchanter)             Turns: 2371, Time: 00:11:31

HP   0/29 (30)   AC  5     Str  5 (7)  XL: 4   Next: 26%
MP   2/7         EV 12     Int 17      God:
Gold 99          SH  0     Dex 15      Spells:  2 memorised,  4 levels left

rFire  . . .     SeeInvis +     a - +1 dagger
rCold  . . .     Clarity  .     b - +1 robe
rNeg   + . .     Conserve .     (no shield)
rPois  .         rCorr    .     f - +0 helmet
rElec  .         rRot     .     k - +0 cloak
SustAb . .       Spirit   .     (no gloves)
rMut   .         Warding  .     (no boots)
Saprov . . .     Stasis   .     (no amulet)
MR     .....                    (no ring)
                                (no ring)

@: lethally poisoned, very slightly contaminated, not resistant to hostile
enchantments, quite stealthy
A: fangs 3, see invisible, unbreathing
a: Bat Form


You were on level 2 of the Dungeon.
You were not thirsty.

You visited 1 branch of the dungeon, and saw 2 of its levels.

You collected 99 gold pieces.

Inventory:

Hand weapons
 a - a +1,+1 dagger (weapon)
Missiles
 d - 12 darts (quivered)
Armour
 b - a +1 robe (worn)
 f - a +0 helmet (worn)
 k - a +0 cloak (worn)
Scrolls
 e - 3 scrolls of recharging
 g - a scroll of teleportation
 i - 3 scrolls of identify
 j - a scroll of random uselessness
Books
 c - a book of Maledictions

   Spells                             Type                      Level
   *Corona                            Hexes                        1
   Sure Blade                         Hexes/Charms                 2
   *Ensorcelled Hibernation           Hexes/Ice                    2
   Confuse                            Hexes                        3
   Dazzling Spray                     Conjuration/Hexes            3
   Enslavement                        Hexes                        4


   Skills:
 + Level 2.2 Short Blades
 - Level 0.7 Throwing
 - Level 2.1 Dodging
 + Level 4.2 Stealth
 - Level 2.0 Spellcasting
 * Level 6.3 Hexes


You had 4 spell levels left.
You knew the following spells:

 Your Spells              Type           Power        Failure   Level  Hunger
a - Corona                Hex            ###....      1%          1    #......
d - Ensorcelled Hibernat  Hex/Ice        ##....       10%         2    ###....


Dungeon Overview and Level Annotations

Branches:
Dungeon (2/15)

Altars:


Innate Abilities, Weirdness & Mutations

You have razor-sharp teeth.*
You have supernaturally acute eyesight.
You can survive without breathing.*


Message History

As you read the scroll labeled BEKEMYCK REBI, it crumbles to dust.
The scroll reassembles itself in your hands!
It is a scroll of random uselessness.
* * * LOW HITPOINT WARNING * * *
You feel sick.
* * * LOW HITPOINT WARNING * * *
You feel sick.
* * * LOW HITPOINT WARNING * * *
You feel sick.
* * * LOW HITPOINT WARNING * * *
You feel sick.
* * * LOW HITPOINT WARNING * * *
You feel sick.
* * * LOW HITPOINT WARNING * * *
You feel sick.
* * * LOW HITPOINT WARNING * * *
You feel sick.
* * * LOW HITPOINT WARNING * * *
You feel sick.
You die...

## #.#..# ################
#.#..# ......>........# #.#..#
##############.# #.#..# #####
#.# #.#..# #...# #.# #.#..#
#...# #.####.#..# #### #...#
#.........#
...###...#####..@......#
...........).%.........#
...###...#####.%.......# ...#
#...# #.........# ...# #...#
#.........# ...# #.###
#.........# .s.# #.#
#.........####### ...# #.#
#.##.#.#........#
...###.#######.##.#.#........#


There were no monsters in sight!

Vanquished Creatures
  3 gnolls (D:2)
  2 adders (D:2)
  3 giant geckos (D:1)
  4 bats
  7 hobgoblins
  5 kobolds
  2 giant cockroaches
  3 giant newts
  6 goblins
  A quokka (D:2)
  9 rats
45 creatures vanquished.

Notes
Turn   | Place    | Note
--------------------------------------------------------------
     0 | D:1      | PolkaDot, the Vampire Enchanter, began the quest for the Orb.
     0 | D:1      | Reached XP level 1. HP: 13/13 MP: 3/3
   574 | D:1      | Reached XP level 2. HP: 5/19 MP: 2/4
   704 | D:1      | Learned a level 2 spell: Ensorcelled Hibernation
   825 | D:1      | Reached skill level 5 in Hexes
  1536 | D:2      | Reached XP level 3. HP: 15/23 MP: 3/6
  2018 | D:2      | Reached skill level 6 in Hexes
  2155 | D:2      | Reached XP level 4. HP: 23/29 MP: 4/7
  2368 | D:2      | HP: 1/29 [poisoned by a scorpion]
  2371 | D:2      | Succumbed to a scorpion's poison

Action                   |  1- 3 |  4- 6 || total
-------------------------+-------+-------++-------
Melee: Dagger            |   111 |     2 ||   113
Throw: Dart              |     5 |       ||     5
 Cast: Corona            |     6 |       ||     6
       Ensorcelled Hiber |    22 |     4 ||    26
  Use: Potion            |     7 |     1 ||     8
       Scroll            |     7 |     2 ||     9
 Stab: Sleeping          |    21 |     2 ||    23
